Unix NetHack Version 3.7.0-88 Work-in-progress - last build Aug 21 2023 04:08:40 (b68ccb3e4f8f5dcb83e1e40b1ff56e7dffd4cd28,branch:master). Game began 2023-09-03 03:10:54, ended 2023-09-03 15:02:57. horga, chaotic male orcish Wizard -- .| -.| |.| .- |.| .| --.-- -.| |...-- h.| |.<..| ..| --..(--..| |.......| |.......| --......| --..o..| --...-- ----- Horga the Conjurer St:13 Dx:14 Co:15 In:14 Wi:11 Ch:10 Chaotic Dlvl:3 $:203 HP:0(19) Pw:12(22) AC:9 Xp:4/144 T:1898 Latest messages: You sold a candle for 5 gold pieces. What do you want to drop? [$a-kn-pr-xJ-MP-R or ?*] u You drop a slippery cloak. Chibougamau offers 25 gold pieces for your slippery cloak. Sell it? [ynaq] (n) y An oilskin cloak; you sold it for 25 gold pieces. What do you want to drop? [$a-kn-pr-tv-xJ-MP-R or ?*] s You drop a pair of boots called combat 30. Chibougamau offers 15 gold pieces for your pair of boots called combat 30. Sell it? [ynaq] (n) n s - a pair of boots called combat 30. There are many objects here. What do you want to drop? [$a-kn-pr-tv-xJ-MP-R or ?*] s You drop a pair of boots called combat 30. Chibougamau offers 15 gold pieces for your pair of boots called combat 30. Sell it? [ynaq] (n) y You sold a pair of boots called combat 30 for 15 gold pieces. What do you want to put on? [de or ?*] R You finish your dressing maneuver. What do you want to remove? [*] ? You finish taking off your gauntlets. You hit the grid bug. You kill the grid bug! In what direction? 6 The spell hits the floating eye! What do you want to zap? [c or ?*] A You don't have that object. What do you want to zap? [c or ?*] Never mind. In what direction? 6 The spell hits the floating eye! You kill the floating eye! You see here a floating eye corpse. There is a floating eye corpse here; eat it? [ynq] (n) y This floating eye corpse tastes terrible! You finish eating the floating eye corpse. You feel a strange mental acuity. You hear someone cursing shoplifters. You descend the stairs. You see here a candle. You hit the gnome lord! You hit the gnome lord. The gnome lord hits! You hit the gnome lord. The gnome lord hits! You miss the gnome lord. The gnome lord hits! In what direction? 6 The spell hits the gnome lord. You kill the gnome lord! A trap door in the ceiling opens and a rock falls on your head! You die... Do you want to see the dungeon overview? [ynq] (y) y Inventory: Coins $ - 203 gold pieces Weapons w - an uncursed +0 dagger named +0 a - a blessed +1 quarterstaff (weapon in hands) Armor R - an uncursed corroded +0 pair of gauntlets of power b - an uncursed +0 cloak of magic resistance (being worn) Comestibles x - an uncursed slime mold t - an uncursed food ration p - an uncursed fortune cookie v - an uncursed pancake r - an uncursed tin of smoked sewer rat meat o - an uncursed lichen corpse Scrolls i - a blessed scroll of create monster j - an uncursed scroll of food detection J - a blessed scroll of genocide L - an uncursed scroll of identify K - an uncursed scroll of taming Q - an uncursed scroll of teleportation Potions h - a blessed potion of gain energy f - an uncursed potion of sickness g - an uncursed potion of speed Rings d - an uncursed ring of polymorph control e - an uncursed ring of teleport control Wands c - an uncursed wand of undead turning (0:4) Tools M - a cursed leash n - an uncursed magic marker (0:93) k - a cursed skeleton key Gems/Stones P - a cursed amethyst stone Horga the Wizard's attributes: Background: You were a Conjurer, a level 4 male orcish Wizard. You were chaotic, nominally on a mission for Anhur who was opposed by Ptah (lawful) and Thoth (neutral). You were in the Gnomish Mines, on level 3. You entered the dungeon 1898 turns ago. You had 144 experience points, 16 more were needed to attain level 5. Basics: You had 0 out of 19 hit points. You had 12 out of 22 energy points (spell power). Your armor class was 9. Your wallet contained 203 zorkmids. Autopickup was on for '$?!/="*' plus thrown, with exceptions. Final Characteristics: Your strength was 13 (limit:18/50). Your dexterity was 14 (limit:18). Your constitution was 15 (limit:18). Your intelligence was 14 (limit:16). Your wisdom was 11 (limit:16). Your charisma was 10 (limit:16). Final Status: You were not hungry. You were unencumbered. You were wielding a quarterstaff. You had basic skill with quarterstaff. Final Attributes: You were devoutly aligned. You were magic-protected. You were poison resistant. You were telepathic. You had infravision. You were warded. You are dead. Miscellaneous: You never encountered a bones level. Total elapsed playing time was 17 minutes and 16 seconds. Major events: Turn 1: horga the chaotic male orcish Wizard entered the dungeon 691: entered the Gnomish Mines 696: attained the rank of Conjurer (level 3) 1898: killed by a falling rock Vanquished creatures: a shrieker a gnome leader a floating eye a kitten a giant bat a dwarf zombie an iguana an acid blob a coyote a hobbit 3 giant rats a green mold a gnome a gnome zombie 2 geckos 3 jackals a fox 5 sewer rats 6 grid bugs 7 lichens 3 kobold zombies 6 newts 49 creatures vanquished. No species were genocided or became extinct. Voluntary challenges: You were an atheist. You read items or engraved 3 times. You engraved Elbereth 2 times. You never genocided any monsters. You never polymorphed an object. You never changed form. You used no wishes. Achievements: You entered the Gnomish Mines. You attained the rank of Conjurer. You entered a shop. The Dungeons of Doom: levels 1 to 4 Level 1: Level 2: "vault" A general store. Stairs down to The Gnomish Mines. Level 3: Level 4: A sink. The Gnomish Mines: Level 3: <- You were here. Final resting place for you, killed by a falling rock. Game over: ---------- / \ / REST \ / IN \ / PEACE \ / \ | horga | | 203 Au | | killed by a | | falling rock | | | | | | 2023 | *| * * * | * _________)/\\_//(\/(/\)/\//\/|_)_______ Goodbye horga the Wizard... You died in The Gnomish Mines on dungeon level 3 with 909 points, and 203 pieces of gold, after 1898 moves. You were level 4 with a maximum of 19 hit points when you died.